 Dungeon Crawl Stone Soup version 0.20-a0-331-g5b3579f (webtiles) character file.

126 dondy the Slasher (level 4, -1/33 HPs)
             Began as a Demonspawn Gladiator on Dec 21, 2016.
             Slain by an orc
             ... wielding a +0 falchion
              (2 damage)
             ... on level 3 of the Dungeon.
             The game lasted 00:05:11 (2111 turns).

dondy the Slasher (Demonspawn Gladiator)            Turns: 2111, Time: 00:05:12

Health: -1/33      AC:  6    Str: 16    XL:     4   Next: 84%
Magic:  4/4        EV: 13    Int: 10    God:
Gold:   96         SH:  0    Dex: 19    Spells: 3/3 levels left

rFire  . . .     SeeInvis .     a - +0 long sword
rCold  . . .     Gourm    .     b - +0 leather armour
rNeg   . . .     Faith    .     (no shield)
rPois  .         Spirit   .     c - +0 helmet
rElec  .         Reflect  .     k - +1 cloak
rCorr  .         Harm     .     (no gloves)
MR     .....                    (no boots)
Stlth  +++.......               (no amulet)
                                (no ring)
                                (no ring)

@: no status effects
A: thin skeletal structure 3
a: no special abilities


You were on level 3 of the Dungeon.
You were not hungry.

You visited 1 branch of the dungeon, and saw 3 of its levels.

You collected 96 gold pieces.

Inventory:

Hand Weapons
 a - a +0 long sword (weapon)
Missiles
 d - 3 throwing nets (quivered)
Armour
 b - a +0 leather armour (worn)
 c - a +0 helmet (worn)
 k - a +1 cloak (worn)
Scrolls
 h - a scroll of blinking {unknown}
 j - a scroll of immolation {unknown}
 l - a scroll of recharging {unknown}
 n - a scroll of remove curse {unknown}
 o - 2 scrolls of identify {unknown}
 s - 3 scrolls of amnesia {unknown}
Potions
 e - 2 potions of agility {unknown}
 g - a potion of berserk rage {unknown}
 i - a potion of resistance {unknown}
 m - a potion of degeneration {unknown}
 q - a potion of lignification {unknown}
 t - a potion of heal wounds {unknown}
Comestibles
 f - 3 bread rations
 p - 3 meat rations
 r - 6 chunks of flesh


   Skills:
 - Level 2.0 Fighting
 + Level 5.1 Long Blades
 - Level 1.7 Throwing
 - Level 2.6 Dodging


You had 3 spell levels left.
You didn't know any spells.

Dungeon Overview and Level Annotations

Branches:
Dungeon (3/15)

Altars:


Innate Abilities, Weirdness & Mutations

You have an unnaturally thin skeletal structure. (Dex +6, Stealth++)


Message History

The orc hits you with a falchion.
* * * LOW HITPOINT WARNING * * *
The orc priest hits you.
* * * LOW HITPOINT WARNING * * *
The goblin hits you but does no damage.
You barely miss the orc priest.
The orc priest is severely wounded.
The orc barely misses you. The orc priest closely misses you.
The goblin hits you but does no damage.
You hit the orc priest.
The orc priest is almost dead.
The orc closely misses you.
You riposte.
You hit the orc but do no damage.
The orc priest looks encouraged for a moment.
The goblin hits you with a club.
* * * LOW HITPOINT WARNING * * *
You hit the orc priest.
You kill the orc priest!
Your Long Blades skill increases to level 5!
The orc hits you with a falchion.
You die...

#...........
#............
+............
##............
#...........#
#...........#
#...go......#
#...@(......#
#.$.........+
#...........#
+...........#
#....((.....#
.........###.#
#########.#
#.# #.# #.#
#.# #<#


You could see an orc and a goblin.

Vanquished Creatures
  An orc priest (D:3)
  Jessica (D:2)
  2 adders (D:2)
  An ooze (D:2)
  A dart slug (D:2)
  A leopard gecko (D:2)
  An orc (D:3)
  3 bats
  A giant cockroach (D:2)
  5 goblins
  6 hobgoblins
  4 jackals (D:2)
  4 frilled lizards
  10 kobolds
  3 rats
44 creatures vanquished.

Notes
Turn   | Place    | Note
-------+----------+-------------------------------------------
     0 | D:1      | dondy the Demonspawn Gladiator began the quest for the Orb.
     0 | D:1      | Reached XP level 1. HP: 16/16 MP: 1/1
   128 | D:1      | Reached skill level 3 in Long Blades
   402 | D:1      | Gained mutation: You have a somewhat thin skeletal structure. (Dex +2, Stealth) [demonic ancestry]
   402 | D:1      | Reached XP level 2. HP: 21/22 MP: 2/2
  1360 | D:2      | Noticed Jessica
  1382 | D:2      | Gained mutation: You have a moderately thin skeletal structure. (Dex +4, Stealth+) [demonic ancestry]
  1382 | D:2      | Reached XP level 3. HP: 17/27 MP: 3/3
  1386 | D:2      | Killed Jessica
  1386 | D:2      | Reached skill level 4 in Long Blades
  1550 | D:2      | Gained mutation: You have an unnaturally thin skeletal structure. (Dex +6, Stealth++) [demonic ancestry]
  1550 | D:2      | Reached XP level 4. HP: 33/33 MP: 4/4
  2110 | D:3      | HP: 1/33 [goblin/club (3)]
  2111 | D:3      | Reached skill level 5 in Long Blades
  2111 | D:3      | Slain by an orc

Vault maps used:
D:1:      kilobyte_arrival_exit_the_forest
D:2:      uniq_jessica
D:3:      hangedman_feature_mirror, trog_eyes_of_draining

Skill      XL: |  1  2  3  4 |
---------------+-------------+-----
Long Blades    | 3 4 5 |  5.1
Fighting       | |  2.0
Throwing       | |  1.7
Dodging        | |  2.6

Action                   |  1- 3 |  4- 6 || total
-------------------------+-------+-------++-------
Melee: Long sword        |    94 |    54 ||   148
 Stab: Sleeping          |     2 |     3 ||     5
  Eat: Chunk             |     2 |     2 ||     4
Armor: Leather armour    |    31 |    20 ||    51
Dodge: Dodged            |    59 |    51 ||   110
       Rpst.: Long sword |    20 |    12 ||    32
